 Dungeon Crawl Stone Soup version 0.28-a0-1038-g9c4cb8273d (webtiles) character file.

Game seed: 4591737199687213520

46 Peloso the Skirmisher (level 3, -2/33 HPs)
             Began as a Minotaur Fighter on Dec 8, 2021.
             Succumbed to a scorpion's poison
             ... on level 3 of the Dungeon.
             The game lasted 00:02:05 (1408 turns).

Peloso the Skirmisher (Minotaur Fighter)            Turns: 1408, Time: 00:02:05

Health: -2/33      AC:  8    Str: 20    XL:     3   Next: 44%
Magic:  2/2        EV:  9    Int:  5    God:
Gold:   101        SH:  4    Dex: 11    Spells: 2/2 levels left

rFire   . . .      SeeInvis .   a - +0 long sword
rCold   . . .      Faith    .   c - +0 buckler
rNeg    . . .      Spirit   .   b - +0 scale mail
rPois   .          Reflect  .   (helmet restricted)
rElec   .          Harm     .   l - +0 cloak
rCorr   .          Rampage  .   (no gloves)
Will    .....                   (no boots)
Stlth   ..........              j - amulet of the acrobat
HPRegen 0.11/turn               (no ring)
MPRegen 0.08/turn               (no ring)

@: brilliant, lethally poisoned (-2 -> -16)
A: horns 2, retaliatory headbutt
a: no special abilities


You were on level 3 of the Dungeon.
You visited 1 branch of the dungeon, and saw 3 of its levels.

You collected 101 gold pieces.

Inventory:

Hand Weapons
 a - a +0 long sword (weapon)
Missiles
 k - 2 throwing nets (quivered)
Armour
 b - a +0 scale mail (worn)
 c - a +0 buckler (worn)
 l - a +0 cloak (worn)
Jewellery
 j - an amulet of the acrobat (around neck)
Scrolls
 e - a scroll of amnesia
 i - a scroll of fog
 o - a scroll of immolation {unknown}
Potions
 d - a potion of might
 h - a potion of curing {unknown}
 m - a potion of brilliance
 n - a potion of attraction {unknown}


   Skills:
 + Level 4.2 Fighting
 + Level 3.4 Long Blades
 + Level 4.1 Armour
 + Level 3.8 Shields


You had 2 spell levels left.
You didn't know any spells.
Your spell library contained the following spells:

 Spells                   Type           Power      Damage    Failure   Level
 Gell's Gravitas          Tloc           0%         N/A       99%         3
 Teleport Other           Tloc           0%         N/A       99%         3
 Cause Fear               Hex            0%         N/A       100%        4
 Dispersal                Tloc           0%         N/A       100%        6
 Dragon Form              Tmut           0%         N/A       100%        7
 Dragon's Call            Summ           0%         N/A       100%        9


Dungeon Overview and Level Annotations

Branches:
Dungeon (3/15)

Altars:


Innate Abilities, Weirdness & Mutations

You have a pair of horns on your head.
You reflexively headbutt those who attack you in melee.


Message History

The scorpion stings you but does no damage.
You hit the scorpion. Your headbutt misses the scorpion.
The scorpion is severely wounded.
The bat closely misses you. You furiously retaliate!
You headbutt the bat!
You kill the bat!
The scorpion barely misses you. You block the scorpion's attack.
You hit the scorpion but do no damage.
The scorpion is severely wounded.
The scorpion stings you.
You are poisoned.
The scorpion poisons you!
You hit the scorpion.
The scorpion is severely wounded.
You feel very sick.
The scorpion stings you but does no damage.
You block the scorpion's attack.
You barely miss the scorpion. Your headbutt misses the scorpion.
The scorpion is severely wounded.
You feel sick.
The scorpion stings you but does no damage.
You closely miss the scorpion.
The scorpion is severely wounded.
You feel sick.
The scorpion stings you but does no damage.
The scorpion barely misses you.
You hit the scorpion.
The scorpion is severely wounded.
You feel sick. The scorpion stings you.
* * * LOW HITPOINT WARNING * * *
You hit the scorpion but do no damage.
The scorpion is severely wounded.
You feel sick.
You are no longer poisoned.
The scorpion stings you!
* * * LOW HITPOINT WARNING * * *
You are lethally poisoned!
The scorpion poisons you! You block the scorpion's attack.
It was a potion of brilliance.
You feel clever all of a sudden.
You die...

.. #.###
##....
#....##### #
#...##.<# #..
#...#...#
#..#...#'.##
####...@.#####
.......s†....#
......♣......#
.............#
.###.....#####
.#...#.
..#...#.. <.
#...##. ....#
##


You could see a scorpion.

Vanquished Creatures
  2 worms
  A dart slug (D:1)
  5 endoplasms
  4 giant cockroaches
  4 goblins (D:1)
  3 hobgoblins
  2 kobolds (D:1)
  2 quokkas
  A ball python (D:2)
  3 bats
  6 frilled lizards
  4 rats
37 creatures vanquished.

Notes
Turn   | Place    | Note
-------+----------+-------------------------------------------
     0 | D:1      | Peloso the Minotaur Fighter began the quest for the Orb.
     0 | D:1      | Reached XP level 1. HP: 19/19 MP: 0/0
   221 | D:1      | Reached XP level 2. HP: 27/27 MP: 1/1
   736 | D:1      | Found a faded altar of an unknown god.
  1006 | D:2      | Reached XP level 3. HP: 33/33 MP: 2/2
  1390 | D:3      | Noticed a scorpion
  1407 | D:3      | HP: 1/33 [scorpion (7)]
  1408 | D:3      | Succumbed to a scorpion's poison

Illustrated notes

Levels and vault maps discovered:
D:1:      eino_arrival_cavern_e, layout_basic, basic_ecumenical_altar,
          chequers_garden
D:2:      layout_rooms, amethyst_killhole
D:3:      layout_basic, gammafunk_ghost_abyssal_escape, grunt_ministairs_6,
          uniq_natasha, uniq_ijyb

Skill      XL: |  1  2 |
---------------+-------+-----
Fighting       | 4 |  4.2
Armour         | 4 |  4.1
Long Blades    | 3 |  3.4
Shields        | |  3.8

Action                   || total
-------------------------++-------
Melee: Long sword        ||    79
       Headbutt          ||     8
  Use: Scroll            ||     3
       Potion            ||     1
Armor: Scale mail        ||    33
Dodge: Dodged            ||    39
Block: Buckler           ||    23

Table legend: (Time is in decaauts)
 A = Elapsed time spent in this place.
 B = Non-inter-level travel time spent in this place.
 C = Inter-level travel time spent in this place.
 D = Time resting spent in this place.
 E = Time spent auto-exploring this place.
 F = Levels seen in this place.
 G = Mean time per level.
                   A        B        C        D        E       F      G
               +--------+--------+--------+--------+--------+-----+--------+
         Total |   1428 |   1340 |     88 |      0 |   1059 |   3 |  476.0 |
       Dungeon |   1428 |   1340 |     88 |      0 |   1059 |   3 |  476.0 |
               +--------+--------+--------+--------+--------+-----+--------+

Top non-repeatable levels by time:
     D:1: 917 daAuts
     D:2: 481 daAuts
     D:3: 29 daAuts
